[Event "Titled Tuesday Blitz August 22 Early 2023"]
[White "Estrada Nieto, Julian"]
[Black "Nakamura, Hikaru"]
[WhiteFideId "5101018"]
[BlackFideId "2016192"]
[WhiteElo "2515"]
[BlackElo "3223"]
[Result "0-1"]
[Round "1"]
[TimeControl "180+1"]
[Date "2023.08.22"]
[WhiteClock "0:00:02"]
[BlackClock "0:02:17"]
[Board "1"]

1. e4 a6 2. d4 c6 3. Nf3 d5 4. Nc3 Bg4 5. h3 Bh5 6. Be2 e6 7. O-O Bg6 8. Bd3 Nf6 9. exd5 cxd5 10. Ne5 Nc6 11. Nxc6 bxc6 12. Na4 Bd6 13. Bg5 Qc7 14. Rc1 Ne4 15. Be3 Bh2+ 16. Kh1 Bd6 17. c4 O-O 18. cxd5 exd5 19. Qc2 Rfc8 20. Rfe1 f5 21. Nc5 f4 22. Bxe4 dxe4 23. Bd2 e3 24. Qc4+ Bf7 25. Ne6 exd2 0-1


[Site "https://www.chess.com"]

[Event "Titled Tuesday Blitz August 22 Early 2023"]
[White "Naroditsky, Daniel"]
[Black "Mekhane, Adam"]
[WhiteFideId "2026961"]
[BlackFideId "36050601"]
[WhiteElo "3206"]
[BlackElo "2515"]
[Result "1/2-1/2"]
[Round "1"]
[TimeControl "180+1"]
[Date "2023.08.22"]
[WhiteClock "0:00:02"]
[BlackClock "0:00:06"]
[Board "2"]

1. e4 e5 2. Nf3 Nc6 3. Nc3 Nf6 4. g3 g6 5. Bg2 Bg7 6. O-O O-O 7. d3 d6 8. h3 h6 9. Be3 Nd7 10. Qd2 Kh7 11. d4 exd4 12. Nxd4 Nde5 13. Nxc6 bxc6 14. Qe2 a5 15. Rfd1 Ba6 16. Qe1 Rb8 17. b3 Qf6 18. f4 Nf3+ 19. Bxf3 Qxc3 20. Qf2 c5 21. Rac1 a4 22. Kg2 axb3 23. cxb3 Qf6 24. e5 Qe7 25. Re1 Qd7 26. Rcd1 c4 27. Qc2 cxb3 28. axb3 Bb7 29. Bxb7 Rxb7 30. Rd3 Rfb8 31. Bf2 Kg8 32. Qd1 Rb5 33. exd6 cxd6 34. Rxd6 Qb7+ 35. Qf3 Qxf3+ 36. Kxf3 Rxb3+ 37. Re3 Rxe3+ 38. Bxe3 Rb7 39. g4 Kh7 40. Rd5 Re7 41. Bc5 Rc7 42. f5 gxf5 43. gxf5 Bf6 44. Be3 Rb7 45. Rd6 Kg7 46. Rc6 h5 47. Bf2 Rb3+ 48. Kg2 Rb2 49. Kg1 Rb1+ 50. Kg2 Rb2 51. Kf1 Rb1+ 52. Ke2 Rb2+ 53. Ke3 Rb3+ 54. Ke2 Rb2+ 55. Kf1 Rb1+ 56. Kg2 Rb2 1/2-1/2


[Site "https://www.chess.com"]

[Event "Titled Tuesday Blitz August 22 Early 2023"]
[White "Perez, Maximiliano"]
[Black "Vachier-Lagrave, Maxime"]
[WhiteFideId "117234"]
[BlackFideId "623539"]
[WhiteElo "2514"]
[BlackElo "3137"]
[Result "0-1"]
[Round "1"]
[TimeControl "180+1"]
[Date "2023.08.22"]
[WhiteClock "0:00:06"]
[BlackClock "0:00:23"]
[Board "3"]

1. e4 e5 2. Nf3 Nc6 3. Bc4 Bc5 4. O-O Nf6 5. d3 O-O 6. h3 d5 7. exd5 Nxd5 8. Nbd2 Nb6 9. Bb3 Kh8 10. Ne4 Be7 11. Neg5 Qe8 12. Re1 Bxg5 13. Nxg5 f6 14. Nf3 Be6 15. Bxe6 Qxe6 16. Bd2 Rad8 17. Bc3 Nd5 18. Qe2 Rfe8 19. Bd2 Qf7 20. Qe4 h6 21. Qh4 Nde7 22. Qg4 f5 23. Qh4 Ng6 24. Qh5 Kg8 25. Bc3 Qf6 26. g3 Re6 27. Re2 Rf8 28. Rae1 Ree8 29. d4 e4 30. d5 Nce5 31. Nxe5 Nxe5 32. Bxe5 Rxe5 33. c4 Kh7 34. f4 Re7 35. Rc2 Qb6+ 36. Kg2 Qa5 37. Rd1 Qxa2 38. c5 Qb3 39. Qe2 Rd8 40. Rc3 Qa4 41. g4 e3 42. Rf1 Rxd5 43. Rxe3 Rxe3 44. Qxe3 Qc2+ 45. Rf2 Qxc5 46. Qe6 Rd6 47. Qf7 Qd5+ 48. Qxd5 Rxd5 49. Re2 Rb5 50. Kg3 Rb3+ 51. Kh4 fxg4 52. hxg4 a5 53. Rc2 c6 54. g5 hxg5+ 55. fxg5 Kg6 56. Rc5 Rb4+ 57. Kg3 Rb5 0-1


[Site "https://www.chess.com"]

[Event "Titled Tuesday Blitz August 22 Early 2023"]
[White "Nihal Sarin"]
[Black "Martin Carmona, Gaston Manuel"]
[WhiteFideId "25092340"]
[BlackFideId "22284567"]
[WhiteElo "3126"]
[BlackElo "2512"]
[Result "1-0"]
[Round "1"]
[TimeControl "180+1"]
[Date "2023.08.22"]
[WhiteClock "0:01:03"]
[BlackClock "0:00:25"]
[Board "4"]

1. a3 g6 2. e4 c5 3. Bc4 Bg7 4. d3 Nc6 5. Nf3 d6 6. h3 Nf6 7. O-O O-O 8. Re1 a6 9. Nc3 b5 10. Ba2 Bb7 11. Bg5 h6 12. Be3 b4 13. axb4 cxb4 14. Ne2 d5 15. e5 Nd7 16. d4 e6 17. Qd2 Kh7 18. h4 Nb6 19. c3 Nc4 20. Qc2 Nxe3 21. fxe3 bxc3 22. bxc3 a5 23. h5 Ba6 24. Nf4 Ne7 25. hxg6+ Nxg6 26. Bb1 Qe8 27. Nh4 Kg8 28. Rxa5 Bd3 29. Rxa8 Bxc2 30. Rxe8 Rxe8 31. Nhxg6 Bxg6 32. Bxg6 fxg6 33. Nxg6 Rc8 34. Ne7+ 1-0


[Site "https://www.chess.com"]

[Event "Titled Tuesday Blitz August 22 Early 2023"]
[White "Mazurkiewicz, Michal"]
[Black "So, Wesley"]
[WhiteFideId "1124943"]
[BlackFideId "5202213"]
[WhiteElo "2511"]
[BlackElo "3110"]
[Result "0-1"]
[Round "1"]
[TimeControl "180+1"]
[Date "2023.08.22"]
[WhiteClock "0:00:57"]
[BlackClock "0:00:28"]
[Board "5"]

1. e4 c5 2. Nf3 d6 3. g3 Nf6 4. d3 g6 5. Bg2 Bg7 6. O-O O-O 7. Re1 Nc6 8. e5 dxe5 9. Nxe5 Nxe5 10. Rxe5 c4 11. d4 Ng4 12. Rd5 Qb6 13. c3 e5 14. h3 Nxf2 15. Kxf2 Be6 16. Rc5 Rfd8 17. Be3 Qxc5 18. dxc5 Rxd1 19. Bxb7 Rb8 20. c6 Bc8 21. Bxa7 Rxb7 22. cxb7 Bxb7 23. a4 Be4 24. Nd2 Rxd2+ 25. Ke3 Rd3+ 26. Kxe4 0-1


[Site "https://www.chess.com"]

[Event "Titled Tuesday Blitz August 22 Early 2023"]
[White "Firouzja, Alireza"]
[Black "Goffredo_Fofi"]
[WhiteFideId "12573981"]
[WhiteElo "3105"]
[BlackElo "2508"]
[Result "1-0"]
[Round "1"]
[TimeControl "180+1"]
[Date "2023.08.22"]
[WhiteClock "0:01:11"]
[BlackClock "0:00:08"]
[Board "6"]

1. e4 g6 2. d4 Bg7 3. Nc3 c6 4. f4 d5 5. e5 h5 6. h3 Nh6 7. Be3 Bf5 8. Nf3 e6 9. Be2 Bf8 10. O-O Be7 11. Nb1 Nd7 12. Nbd2 Qc7 13. Rb1 a5 14. Rc1 b5 15. Bf2 a4 16. Ng5 Bxg5 17. fxg5 Ng8 18. g4 hxg4 19. hxg4 Be4 20. Nxe4 dxe4 21. c4 Qb7 22. Qc2 Ne7 23. Qxe4 bxc4 24. Bxc4 Nb6 25. b3 axb3 26. axb3 Ned5 27. Kg2 Ke7 28. Qf3 Ra2 29. Rh1 Rxh1 30. Rxh1 c5 31. Kg3 Qc7 32. Rh7 Kf8 33. Rh8+ Kg7 34. Qh1 1-0


[Site "https://www.chess.com"]

[Event "Titled Tuesday Blitz August 22 Early 2023"]
[White "Caetano, Hugo Zanotti Mendonca"]
[Black "Erigaisi Arjun"]
[WhiteFideId "2119420"]
[BlackFideId "35009192"]
[WhiteElo "2507"]
[BlackElo "3055"]
[Result "0-1"]
[Round "1"]
[TimeControl "180+1"]
[Date "2023.08.22"]
[WhiteClock "0:00:12"]
[BlackClock "0:01:22"]
[Board "7"]

1. d4 d6 2. c4 g6 3. Nc3 Bg7 4. e4 Nc6 5. Nge2 e5 6. Be3 Nf6 7. f3 O-O 8. Qd2 a6 9. d5 Ne7 10. g4 Nd7 11. Ng3 c5 12. h4 f6 13. Bh6 Bxh6 14. Qxh6 Rf7 15. Bd3 Kh8 16. a4 b6 17. Qd2 Rb8 18. h5 g5 19. Kf2 Ng8 20. Rhb1 Nf8 21. b4 Rfb7 22. b5 Ra7 23. Ra2 Rba8 24. Rba1 Nh6 25. Nf5 Bxf5 26. exf5 Nd7 27. Ne4 Nf7 28. Kg3 Kg7 29. Bb1 Kf8 30. Qb2 Ke7 31. Qd2 Qb8 32. Nc3 Nd8 33. bxa6 Rxa6 34. Nb5 Nb7 35. Qc3 Ra5 36. Bc2 Nd8 37. Bb3 Nf7 38. Qe3 Kd8 39. Qe4 Nh6 40. Ra3 Ng8 41. R3a2 Ne7 42. Ra3 Nc8 43. R3a2 Na7 44. Qd3 Nxb5 45. axb5 Rxa2 46. Rxa2 Rxa2 47. Bxa2 Qa7 48. Qd2 Qa3 49. h6 e4 50. Qe2 Ne5 51. Bb1 exf3 52. Qe4 Qc1 53. Kf2 Qd2+ 54. Kf1 Qg2+ 55. Ke1 f2+ 0-1


[Site "https://www.chess.com"]

[Event "Titled Tuesday Blitz August 22 Early 2023"]
[White "Bortnyk, Olexandr"]
[Black "FromTexas54"]
[WhiteFideId "14120828"]
[WhiteElo "3052"]
[BlackElo "2506"]
[Result "1-0"]
[Round "1"]
[TimeControl "180+1"]
[Date "2023.08.22"]
[WhiteClock "0:00:05"]
[BlackClock "0:00:00"]
[Board "8"]

1. e4 e5 2. Bc4 Nc6 3. d3 Bc5 4. Nc3 d6 5. Nge2 Nge7 6. Ng3 O-O 7. Be3 Bb6 8. Qh5 Na5 9. O-O-O Nxc4 10. dxc4 Bxe3+ 11. fxe3 Be6 12. b3 Qe8 13. Nf5 f6 14. Qg4 Nxf5 15. exf5 Bf7 16. Qf3 Qc6 17. e4 a5 18. a4 Qc5 19. g4 c6 20. g5 b5 21. gxf6 gxf6 22. cxb5 cxb5 23. Nxb5 Rfc8 24. Qg2+ Kh8 25. Kb2 Rab8 26. Rd3 Qb4 27. Nxd6 Bc4 28. Nxc8 Bxd3 29. Rg1 Qf8 30. Nd6 Ba6 31. Rd1 Bb7 32. Qd2 Bc6 33. Qxa5 Qe7 34. Rd3 Be8 35. Qd5 Bh5 36. a5 Qa7 37. a6 Qxa6 38. Nf7+ Bxf7 39. Qxf7 1-0


[Site "https://www.chess.com"]

[Event "Titled Tuesday Blitz August 22 Early 2023"]
[White "seopie"]
[Black "Sarana, Alexey"]
[BlackFideId "24133795"]
[WhiteElo "2505"]
[BlackElo "3038"]
[Result "1-0"]
[Round "1"]
[TimeControl "180+1"]
[Date "2023.08.22"]
[WhiteClock "0:00:16"]
[BlackClock "0:00:01"]
[Board "9"]

1. b3 d5 2. Bb2 c5 3. e3 Nc6 4. Bb5 f6 5. f4 e6 6. Bxc6+ bxc6 7. Nf3 Bd6 8. O-O Nh6 9. d3 O-O 10. Qe2 Nf7 11. Nbd2 e5 12. fxe5 fxe5 13. e4 Bg4 14. Rae1 Qe7 15. Kh1 Rae8 16. Qf2 Bh5 17. Qg3 Bc7 18. Nh4 Kh8 19. Nf5 Qg5 20. Nf3 Qxg3 21. Nxg3 Bg4 22. h3 Bd7 23. Re2 Kg8 24. Rfe1 Ba5 25. Rd1 d4 26. Rf1 Nd6 27. Ref2 Rf6 28. Kg1 Bb4 29. Nh5 Rf7 30. Ng5 Rxf2 31. Rxf2 Be1 32. Rf1 Bh4 33. Nf3 Bd8 34. g4 Ba5 35. Ng3 g6 36. Kg2 Kg7 37. Rc1 Nf7 38. c3 Bb6 39. Ba3 Nd8 40. cxd4 cxd4 41. Bd6 Nf7 42. Ba3 Nd8 43. Bd6 Nf7 44. Ba3 a5 45. Nd2 Bc7 46. Nc4 Ra8 47. Bc5 Rb8 48. Rc2 Rb5 49. Ba3 h6 50. Nf1 Rb8 51. Ng3 Ra8 52. Bc5 Ra6 53. Nb2 Nd8 54. Ne2 Ne6 55. Na4 Ra8 56. Ba3 Nd8 57. Bc5 Nf7 58. Bb6 Bd6 59. Bc5 Bc7 60. Nb6 Bxb6 61. Bxb6 Ra6 62. Bc5 a4 63. bxa4 Rxa4 64. a3 Kf6 65. Rb2 Ke6 66. Nc1 Ra5 67. Nb3 Ra8 68. Bb4 Bc8 69. Nc5+ Kf6 70. Rf2+ Kg7 71. Kg3 Ng5 72. h4 Nf7 73. Rf1 Nd8 74. Rf2 Rb8 75. Rf1 Nf7 76. Rf2 Rb6 77. Rf1 Rb5 78. Rb1 Rb8 79. Rf1 Ra8 80. Rf2 Ba6 81. Nxa6 Rxa6 82. Rc2 Kf6 83. Rc5 Ke6 84. Kf3 Nd6 85. Ra5 Rxa5 86. Bxa5 Nb5 87. Bb4 Nc7 88. h5 Kf6 89. Bf8 Kg5 90. Be7# 1-0


[Site "https://www.chess.com"]

[Event "Titled Tuesday Blitz August 22 Early 2023"]
[White "Dubov, Daniil"]
[Black "Berezin, Viktor"]
[WhiteFideId "24126055"]
[BlackFideId "14107872"]
[WhiteElo "3037"]
[BlackElo "2505"]
[Result "1-0"]
[Round "1"]
[TimeControl "180+1"]
[Date "2023.08.22"]
[WhiteClock "0:02:11"]
[BlackClock "0:00:58"]
[Board "10"]

1. d4 Nf6 2. Nf3 g6 3. c4 Bg7 4. Nc3 d6 5. Bg5 O-O 6. e3 c5 7. d5 e6 8. Be2 exd5 9. Nxd5 Qa5+ 10. b4 Qd8 11. O-O cxb4 12. Nxb4 Qa5 13. Rb1 Bf5 14. Bxf6 Bxf6 15. Nd5 Bd8 16. Rxb7 Qxa2 17. Nd4 Bc8 18. Ne7+ Bxe7 19. Rxe7 d5 20. cxd5 Qxd5 21. Bf3 Qc5 22. Rxf7 Rxf7 23. Bxa8 Bb7 24. Bxb7 Rxb7 25. Qa4 Nd7 26. Qa2+ Kh8 27. Qf7 Qf8 28. Qd5 Qb8 29. h3 Nf6 30. Qf3 Kg7 31. Ne6+ Kf7 32. Qxb7+ 1-0


[Site "https://www.chess.com"]

[Event "Titled Tuesday Blitz August 22 Early 2023"]
[White "Warchol, Kamil"]
[Black "Grischuk, Alexander"]
[WhiteFideId "21858241"]
[BlackFideId "4126025"]
[WhiteElo "2504"]
[BlackElo "3037"]
[Result "0-1"]
[Round "1"]
[TimeControl "180+1"]
[Date "2023.08.22"]
[WhiteClock "0:00:56"]
[BlackClock "0:00:55"]
[Board "11"]

1. e4 e6 2. d4 d5 3. Nd2 c5 4. Ngf3 cxd4 5. Nxd4 Nf6 6. exd5 Nxd5 7. N2f3 Be7 8. Be2 O-O 9. O-O b6 10. c4 Nf6 11. b3 Bb7 12. Bb2 Nbd7 13. Nb5 Qb8 14. Qc2 a6 15. Ba3 Nc5 16. Nc3 Ng4 17. g3 Ne5 18. Nxe5 Qxe5 19. Rad1 Qc7 20. Rd2 Bg5 21. f4 Bf6 22. Bb2 Rad8 23. Rfd1 Qc6 24. Rxd8 0-1


[Site "https://www.chess.com"]

[Event "Titled Tuesday Blitz August 22 Early 2023"]
[White "Martinez Alcantara, Jose Eduardo"]
[Black "matenitian"]
[WhiteFideId "3805662"]
[WhiteElo "3032"]
[BlackElo "2504"]
[Result "1-0"]
[Round "1"]
[TimeControl "180+1"]
[Date "2023.08.22"]
[WhiteClock "0:01:15"]
[BlackClock "0:00:02"]
[Board "12"]

1. e4 e5 2. Nf3 Nc6 3. Nc3 Nf6 4. h3 Bc5 5. Nxe5 Nxe5 6. d4 Bd6 7. dxe5 Bxe5 8. Bd3 O-O 9. O-O d6 10. Ne2 Nd7 11. f4 Bf6 12. Nc3 Bd4+ 13. Kh1 Nf6 14. Qf3 Bd7 15. Ne2 Bb6 16. Ng3 Re8 17. Bd2 Bd4 18. Rae1 a5 19. c3 Bc5 20. e5 Bc6 21. Qe2 g6 22. Bb1 Qd7 23. Kh2 a4 24. Bc1 Nd5 25. Ne4 Qe7 26. Nxc5 dxc5 27. Qf2 b6 28. f5 Rad8 29. Qg3 c4 30. Bg5 Qd7 31. e6 Qd6 32. Bxd8 Qxg3+ 33. Kxg3 Rxd8 34. exf7+ Kxf7 35. fxg6+ Kg8 36. gxh7+ Kh8 1-0


[Site "https://www.chess.com"]

[Event "Titled Tuesday Blitz August 22 Early 2023"]
[White "only_strong_moves"]
[Black "Bluebaum, Matthias"]
[BlackFideId "24651516"]
[WhiteElo "2504"]
[BlackElo "3022"]
[Result "0-1"]
[Round "1"]
[TimeControl "180+1"]
[Date "2023.08.22"]
[WhiteClock "0:00:00"]
[BlackClock "0:01:53"]
[Board "13"]

1. e4 e6 2. d4 d5 3. Nd2 c5 4. Ngf3 Nf6 5. exd5 Nxd5 6. Nb3 cxd4 7. Qxd4 Nc6 8. Bb5 Bd7 9. Bxc6 Bxc6 10. O-O Nf6 11. Ne5 Qxd4 12. Nxd4 Be4 13. Nb5 Rc8 14. c4 a6 15. Nc3 Bf5 16. Bf4 Bb4 17. Na4 O-O 18. Rfd1 Bc2 19. Nb6 Rcd8 20. Rdc1 Bf5 21. a3 Bc5 22. Na4 Bd4 23. Nf3 Ne4 24. Nxd4 Rxd4 25. Be3 Rd3 26. Nc5 Rxe3 27. Nxe6 Bxe6 28. fxe3 Nc5 29. Rc3 Rd8 30. b4 Ne4 31. Rcc1 h5 32. Rd1 Rc8 33. c5 Nc3 34. Rd3 Nd5 35. e4 Nf4 36. Rf3 Ng6 37. Rd3 Ne5 38. Rd6 Nc4 39. Rd4 b6 40. cxb6 Nxb6 41. Rd6 Nc4 42. Rxa6 Ne3 43. Rd6 Rc2 0-1


[Site "https://www.chess.com"]

[Event "Titled Tuesday Blitz August 22 Early 2023"]
[White "Sadhwani, Raunak"]
[Black "Bazilius, Augustinas"]
[WhiteFideId "35093487"]
[BlackFideId "12832251"]
[WhiteElo "3021"]
[BlackElo "2503"]
[Result "1-0"]
[Round "1"]
[TimeControl "180+1"]
[Date "2023.08.22"]
[WhiteClock "0:00:53"]
[BlackClock "0:00:00"]
[Board "14"]

1. b3 Nf6 2. Bb2 g6 3. Nf3 Bg7 4. g3 O-O 5. Bg2 d6 6. d4 Nbd7 7. O-O e5 8. dxe5 Ng4 9. c4 Ngxe5 10. Nc3 Nxf3+ 11. exf3 Nb6 12. f4 c6 13. Qd2 d5 14. cxd5 Nxd5 15. Nxd5 Bxb2 16. Qxb2 cxd5 17. Rad1 Be6 18. Rd4 Qa5 19. Rfd1 Rfd8 20. h3 h5 21. Qe2 Re8 22. Qb2 Rad8 23. Ra4 Qb6 24. Qf6 Rd6 25. Qg5 a6 26. Rad4 Qd8 27. Qxd8 Rexd8 28. Rc1 Rc6 29. Rxc6 bxc6 30. b4 Kf8 31. Bf1 Ra8 32. Rd3 Ke7 33. Ra3 Kd6 34. Ra5 Bc8 35. f3 Kc7 36. Kf2 Kb6 37. g4 hxg4 38. hxg4 Bb7 39. a3 Re8 40. Bd3 Rc8 41. Rc5 Rh8 42. Ke3 Rh1 43. Kd4 Re1 44. Rc2 a5 45. Rh2 axb4 46. axb4 Re7 47. Rh7 Ba6 48. Bxg6 1-0


[Site "https://www.chess.com"]

[Event "Titled Tuesday Blitz August 22 Early 2023"]
[White "Kuzmin, Roman"]
[Black "Le, Tuan Minh"]
[WhiteFideId "44134932"]
[BlackFideId "12401153"]
[WhiteElo "2503"]
[BlackElo "3007"]
[Result "0-1"]
[Round "1"]
[TimeControl "180+1"]
[Date "2023.08.22"]
[WhiteClock "0:00:18"]
[BlackClock "0:00:06"]
[Board "15"]

1. e4 c5 2. Nf3 Nf6 3. Nc3 d5 4. exd5 Nxd5 5. a4 Nc6 6. Bc4 Ndb4 7. O-O Bf5 8. d3 e6 9. Bf4 Be7 10. Ne4 O-O 11. c3 Nd5 12. Bg3 Rc8 13. Qe2 h6 14. Rad1 Qa5 15. Bb3 Rfd8 16. Bc2 Qb6 17. Bb1 Qb3 18. Qc2 Qxc2 19. Bxc2 Nf6 20. Nfd2 b6 21. Nc4 Bg6 22. h3 Rd7 23. f3 Rcd8 24. Rfe1 Nd5 25. a5 Nxa5 26. Nxa5 bxa5 27. Ra1 Rb7 28. Reb1 Ne3 29. Ba4 Rxd3 30. Kf2 Nc4 31. b3 Bxe4 32. fxe4 Nd2 33. Ke2 Rxg3 34. Kxd2 Rxg2+ 35. Kd3 Rg3+ 36. Kc4 Rxh3 37. Rc1 Rb6 38. Bd7 Re3 39. Rxa5 Rxe4+ 40. Kd3 Rh4 41. Rxa7 Bf6 42. Be8 Rd6+ 43. Ke2 Rh2+ 44. Kf3 Rd3+ 45. Ke4 Rhh3 46. Bxf7+ Kh7 47. Bxe6 Rhe3+ 48. Kf5 Re5+ 49. Kf4 Rxe6 50. Rg1 Bg5+ 51. Kf5 Rf6+ 52. Ke5 Rxc3 53. b4 cxb4 54. Rd1 Rc5+ 55. Kd4 Rd6+ 56. Kxc5 Rxd1 0-1


[Site "https://www.chess.com"]

[Event "Titled Tuesday Blitz August 22 Early 2023"]
[White "Andreikin, Dmitry"]
[Black "arenal72"]
[WhiteFideId "4158814"]
[WhiteElo "3003"]
[BlackElo "2502"]
[Result "1-0"]
[Round "1"]
[TimeControl "180+1"]
[Date "2023.08.22"]
[WhiteClock "0:00:16"]
[BlackClock "0:00:01"]
[Board "16"]

1. d4 d6 2. Nf3 g6 3. e4 Nf6 4. Bd3 Bg7 5. O-O O-O 6. h3 Nc6 7. c3 e5 8. Re1 Qe7 9. Nbd2 a5 10. Nf1 h6 11. Ng3 Bd7 12. Be3 Rfd8 13. Qd2 Kh7 14. Rad1 a4 15. Kh2 b6 16. Rf1 Na5 17. Qc2 c5 18. Rfe1 Rac8 19. d5 b5 20. Qe2 c4 21. Bc2 Nb7 22. a3 Nc5 23. Nd2 Rf8 24. Rf1 Ng8 25. Rde1 h5 26. f4 h4 27. Nh1 Bh6 28. Qf2 exf4 29. Bxf4 Bxf4+ 30. Qxf4 g5 31. e5+ Kh6 32. Qd4 dxe5 33. Rxe5 Qd6 34. Kg1 f6 35. Ree1 Rce8 36. Nf2 Rxe1 37. Rxe1 Re8 38. Nde4 Nxe4 39. Rxe4 Rxe4 40. Nxe4 Qe5 41. Qc5 Bf5 42. Qf8+ Kh7 43. Nxg5+ fxg5 44. Qxf5+ Qxf5 45. Bxf5+ Kg7 46. Bd7 Kf6 47. Bxb5 Ke5 48. Bxc4 Nf6 49. Kf2 Ne4+ 50. Ke3 Ng3 51. Bb5 Nf5+ 52. Kf3 Kxd5 53. Bxa4 Nd6 54. Bb3+ Ke5 55. a4 Ne4 56. a5 Nd2+ 57. Kg4 Nxb3 58. a6 Nd2 59. a7 Ne4 60. a8=Q Nf6+ 61. Kxg5 Ne4+ 62. Qxe4+ Kxe4 63. Kxh4 1-0


[Site "https://www.chess.com"]

[Event "Titled Tuesday Blitz August 22 Early 2023"]
[White "Czerw, Dawid"]
[Black "Van Foreest, Jorden"]
[WhiteFideId "1145746"]
[BlackFideId "1039784"]
[WhiteElo "2501"]
[BlackElo "3001"]
[Result "0-1"]
[Round "1"]
[TimeControl "180+1"]
[Date "2023.08.22"]
[WhiteClock "0:00:00"]
[BlackClock "0:01:09"]
[Board "17"]

1. e4 g6 2. d4 Bg7 3. Nc3 d6 4. f4 a6 5. Nf3 b5 6. Bd3 Nd7 7. a4 b4 8. Ne2 c5 9. c3 Bb7 10. O-O Rc8 11. a5 Ngf6 12. e5 Nd5 13. c4 Nc7 14. d5 O-O 15. exd6 exd6 16. f5 Nxd5 17. cxd5 c4 18. Bc2 Rc5 19. Nf4 Ne5 20. Be3 Rxa5 21. Rxa5 Qxa5 22. fxg6 hxg6 23. Ng5 b3 24. Bb1 c3 25. bxc3 Qxc3 26. Bd4 Qb4 27. Bb2 Bc8 28. Qe1 Qxe1 29. Rxe1 a5 30. Ne4 Re8 31. Ba3 f5 32. Bxd6 fxe4 33. Bxe4 b2 0-1


[Site "https://www.chess.com"]

[Event "Titled Tuesday Blitz August 22 Early 2023"]
[White "Tabatabaei, M. Amin"]
[Black "Guliev, Logman"]
[WhiteFideId "12521213"]
[BlackFideId "13400061"]
[WhiteElo "2995"]
[BlackElo "2501"]
[Result "1-0"]
[Round "1"]
[TimeControl "180+1"]
[Date "2023.08.22"]
[WhiteClock "0:00:05"]
[BlackClock "0:00:00"]
[Board "18"]

1. Nf3 Nf6 2. g3 g6 3. b3 Bg7 4. Bb2 O-O 5. Bg2 d6 6. d4 Nc6 7. O-O a6 8. c4 Rb8 9. d5 Na5 10. Qe1 c5 11. Bc3 b6 12. e4 Bg4 13. h3 Bxf3 14. Bxf3 Nb7 15. Bg2 b5 16. Nd2 e5 17. a4 b4 18. Bb2 Na5 19. Qe2 Nd7 20. h4 f5 21. h5 Qg5 22. hxg6 hxg6 23. Rab1 f4 24. Qd3 Nf6 25. Bh3 Nh5 26. Nf3 Qe7 27. Be6+ Kh7 28. g4 Nf6 29. Kg2 g5 30. Nxg5+ Kg6 31. Nf3 Rh8 32. Rh1 Rxh1 33. Rxh1 Rh8 34. Nh4+ Kg5 35. Nf5 Qf8 36. Rxh8 Qxh8 37. f3 Bf8 38. Bc1 Ne8 39. Bd2 Ng7 40. Be1 Nxf5 41. exf5 Kf6 42. Bc8 Bh6 43. Bxa6 Bg5 44. Qf1 Nxb3 45. Qh1 Qxh1+ 46. Kxh1 e4 47. fxe4 Ke5 48. Kg2 Kxe4 49. Bb5 Nd4 50. a5 f3+ 51. Kf1 b3 52. Bc3 Bd2 53. Bb2 Bxa5 54. f6 Bd8 55. f7 Be7 56. Bd7 Bf8 57. g5 Kf4 58. g6 Kg5 59. g7 Bxg7 60. Ba4 Bf8 61. Kf2 Kf4 62. Bxd4 cxd4 63. Bxb3 Be7 64. Bd1 Bh4+ 65. Kf1 Be7 66. Kf2 Bh4+ 67. Kg1 Be7 68. Kf1 Ke3 69. Bc2 d3 70. Ba4 d2 71. Bd1 Bf8 72. Kg1 Be7 73. Kh2 Kf2 74. Kh3 Bf8 75. Kg4 Kg2 76. Bxf3+ Kf2 77. Kf4 Be7 78. Ke4 Bf8 79. Bh5 Ke1 80. Kf5 d1=Q 81. Bxd1 Kxd1 82. Ke6 Kd2 83. c5 dxc5 84. d6 1-0


[Site "https://www.chess.com"]

[Event "Titled Tuesday Blitz August 22 Early 2023"]
[White "Bilan, Danila"]
[Black "Xiong, Jeffery"]
[WhiteFideId "24161918"]
[BlackFideId "2047640"]
[WhiteElo "2500"]
[BlackElo "2991"]
[Result "0-1"]
[Round "1"]
[TimeControl "180+1"]
[Date "2023.08.22"]
[WhiteClock "0:00:18"]
[BlackClock "0:01:50"]
[Board "19"]

1. d4 d5 2. Nf3 Nf6 3. c4 e6 4. Nc3 dxc4 5. e3 a6 6. Bxc4 b5 7. Be2 Bb7 8. a3 Nbd7 9. O-O c5 10. dxc5 Bxc5 11. b4 Be7 12. Bb2 O-O 13. Nd4 Nb6 14. Bf3 Bxf3 15. Qxf3 Nc4 16. Nc6 Qe8 17. Nxe7+ Qxe7 18. Nd1 Nd2 19. Qg3 Nxf1 20. Kxf1 Rfd8 21. Bd4 Rac8 22. Nc3 Ne8 23. Ne4 f6 24. Nc5 e5 25. Bc3 Qf7 26. Qg4 Nd6 27. Rd1 Nb7 28. Rxd8+ Rxd8 29. g3 Nxc5 30. bxc5 Qc4+ 31. Qxc4+ bxc4 32. Ke2 Kf7 33. Ba5 Rd3 34. c6 Ke6 35. Bb4 e4 36. f3 f5 37. g4 g6 38. h4 c3 0-1


[Site "https://www.chess.com"]

[Event "Titled Tuesday Blitz August 22 Early 2023"]
[White "Drygalov, Sergey"]
[Black "Gogolev, Artem"]
[WhiteFideId "24171743"]
[BlackFideId "4116615"]
[WhiteElo "2976"]
[BlackElo "2500"]
[Result "1-0"]
[Round "1"]
[TimeControl "180+1"]
[Date "2023.08.22"]
[WhiteClock "0:02:48"]
[BlackClock "0:02:01"]
[Board "20"]

1. d4 Nf6 2. c4 d6 3. Nf3 g6 4. Nc3 Bf5 5. g3 Bg7 6. Bg2 Ne4 7. Qb3 Qc8 8. Nh4 Nxc3 9. Bxb7 Bc2 10. Bxc8 Bxb3 11. axb3 1-0


[Site "https://www.chess.com"]

[Event "Titled Tuesday Blitz August 22 Early 2023"]
[White "NovozhilovSemen"]
[Black "Svane, Rasmus"]
[BlackFideId "4657101"]
[WhiteElo "2500"]
[BlackElo "2975"]
[Result "0-1"]
[Round "1"]
[TimeControl "180+1"]
[Date "2023.08.22"]
[WhiteClock "0:00:13"]
[BlackClock "0:00:08"]
[Board "21"]

1. d4 Nf6 2. Nf3 d5 3. c4 e6 4. g3 Bd6 5. Bg2 O-O 6. O-O Nc6 7. Nc3 dxc4 8. Qa4 e5 9. Qxc4 exd4 10. Nxd4 Nxd4 11. Qxd4 Qe7 12. Bg5 Be5 13. Qe3 h6 14. Bxf6 Bxf6 15. Nd5 Qxe3 16. Nxf6+ gxf6 17. fxe3 Kg7 18. Rf4 Re8 19. Kf2 c6 20. Rd1 Be6 21. b3 Red8 22. Rfd4 Rxd4 23. exd4 f5 24. Ke3 Kf6 25. Rf1 Ke7 26. Rf4 a5 27. Bh3 a4 28. Bxf5 axb3 29. Bxe6 bxa2 30. Bxa2 Rxa2 31. Rh4 b5 32. Rxh6 Rc2 33. Kd3 Rc1 34. Kd2 Rc4 35. Kd3 Rc1 36. Rh5 Rd1+ 37. Kc3 Rf1 38. e4 Rf3+ 39. Kb4 Rd3 40. d5 Rd4+ 41. Kc3 Rxe4 42. dxc6 Rc4+ 43. Kd3 Rxc6 44. Rxb5 Kf6 45. Ke3 Kg6 46. Kf3 f5 47. h4 Rc3+ 48. Kg2 Rc4 49. Rb6+ Kg7 50. h5 Rd4 51. Kh3 Rc4 52. Rg6+ Kf7 53. Ra6 Kg7 54. Ra5 Kf6 55. Ra6+ Kg5 56. h6 Rc7 57. Kg2 Rh7 58. Kf3 Rh8 59. Rb6 Rh7 60. Ra6 Rh8 61. Rb6 Rxh6 62. Ra6 Rxa6 0-1


[Site "https://www.chess.com"]

[Event "Titled Tuesday Blitz August 22 Early 2023"]
[White "Kevlishvili, Robby"]
[Black "feuervogel1000000"]
[WhiteFideId "1040634"]
[WhiteElo "2972"]
[BlackElo "2500"]
[Result "1-0"]
[Round "1"]
[TimeControl "180+1"]
[Date "2023.08.22"]
[WhiteClock "0:00:36"]
[BlackClock "0:01:05"]
[Board "22"]

1. Nf3 d5 2. g3 Nf6 3. Bg2 e6 4. O-O Be7 5. c4 Kf8 6. b3 b6 7. Bb2 Bb7 8. d4 Nbd7 9. Nbd2 Kg8 10. Rc1 h5 11. Ne5 Nxe5 12. dxe5 Nd7 13. cxd5 exd5 14. h4 Rh6 15. Nc4 c6 16. Ne3 Nc5 17. Nf5 Rh7 18. Ba3 Bf8 19. Nd4 Rc8 20. Bb2 Ne6 21. Nf5 g6 22. Nd6 Bxd6 23. exd6 Qxd6 24. Qd2 c5 25. Rfd1 Rd8 26. e3 f5 27. b4 Rhd7 28. bxc5 bxc5 29. Qa5 d4 30. exd4 cxd4 31. Bxb7 Rxb7 32. Ba3 Qd5 33. Qa6 Kh7 34. Rc6 Rb6 35. Qxa7+ Rd7 36. Qxb6 1-0


[Site "https://www.chess.com"]